 Dungeon Crawl Stone Soup version 0.27-a0-1324-ge0d8e047f6 (webtiles) character file.

Game seed: 8265078533415747239

1036 bilbop the Caller (level 8, -3/46 HPs)
             Began as a Deep Elf Summoner on June 24, 2021.
             Was an Initiate of Yredelemnul.
             Slain by a black bear (6 damage)
             ... on level 6 of the Dungeon.
             The game lasted 00:55:18 (7215 turns).

bilbop the Caller (Deep Elf Summoner)               Turns: 7215, Time: 00:55:19

Health: -3/46      AC:  4    Str:  5    XL:     8   Next: 3%
Magic:  14/18      EV: 14    Int: 21    God:    Yredelemnul [......]
Gold:   116        SH:  0    Dex: 13    Spells: 12/18 levels left

rFire    . . .     SeeInvis +   a - +0 dagger
rCold    . . .     Faith    .   (no shield)
rNeg     . . .     Spirit   .   k - +1 robe of Kuetzumi {rElec Dex-4 SInv Stlth+}
rPois    .         Reflect  .   (no helmet)
rElec    +         Harm     .   g - +0 cloak
rCorr    .         Rampage  .   (no gloves)
Will     .....                  (no boots)
Stlth    ++++......             (no amulet)
HPRegen  0.15/turn              (no ring)
MPRegen  0.16/turn              (no ring)

@: no status effects
A: no striking features
a: Renounce Religion


You were on level 6 of the Dungeon.
You worshipped Yredelemnul.
Yredelemnul was noncommittal.
You visited 2 branches of the dungeon, and saw 7 of its levels.

You collected 297 gold pieces.
You spent 181 gold pieces at shops.

Inventory:

Hand Weapons
 a - a +0 dagger (weapon)
Missiles
 j - 6 atropa-tipped darts
Armour
 c - a +0 robe
 g - a +0 cloak (worn)
 h - a +0 kite shield
 k - the +1 robe of Kuetzumi (worn) {rElec Dex-4 SInv Stlth+}
   (You bought it in a shop on level 4 of the Dungeon)

   It affects your dexterity (-4).
   It insulates you from electricity.
   It lets you see invisible.
   It makes you more stealthy.
Jewellery
 l - an amulet of guardian spirit
Wands
 m - a wand of flame (18)
Scrolls
 b - a scroll of teleportation
 n - a scroll of enchant weapon
Potions
 e - a potion of mutation {unknown}
 o - a potion of lignification {unknown}


   Skills:
 + Level 3.0 Fighting
 + Level 3.0 Short Blades
 + Level 5.1 Dodging
 + Level 5.5 Stealth
 + Level 5.9 Spellcasting
 + Level 6.1 Summonings
 + Level 0.5 Invocations


You had 12 spell levels left.
You knew the following spells:

 Your Spells              Type           Power      Damage    Failure   Level
a - Summon Small Mammal   Summ           100%       N/A       1%          1
b - Call Imp              Summ           32%        N/A       1%          2
c - Call Canine Familiar  Summ           32%        N/A       2%          3

Your spell library contained the following spells:

 Spells                   Type           Power      Damage    Failure   Level
 Summon Guardian Golem    Hex/Summ       19%        N/A       9%          3
 Animate Skeleton         Necr           12%        N/A       10%         1
 Apportation              Tloc           12%        N/A       10%         1
 Corona                   Hex            6%         N/A       10%         1
 Sting                    Tmut/Pois      24%        1d4       10%         1
 Poisonous Vapours        Pois/Air       12%        N/A       16%         2
 Summon Ice Beast         Ice/Summ       19%        N/A       28%         4
 Summon Lightning Spire   Summ/Air       19%        N/A       28%         4
 Conjure Flame            Conj/Fire      6%         6-21      30%         3
 Ignite Poison            Fire/Tmut/Pois 6%         N/A       30%         3
 Mephitic Cloud           Conj/Pois/Air  6%         N/A       30%         3
 Olgreb's Toxic Radiance  Pois           6%         N/A       69%         4
 Freezing Cloud           Conj/Ice/Air   3%         6-21      95%         5


Dungeon Overview and Level Annotations

Branches:
Dungeon (6/15)             Temple (1/1) D:4

Altars:
Elyvilon
Kikubaaqudgha
Makhleb
Nemelex Xobeh
Okawaru
Qazlal
Trog
Uskayaw
Wu Jian
Yredelemnul

Shops:
D:1 *   D:2 !   D:3 ?   D:4 =[?[[


Message History

The black bear bites you.
The black bear claws you but does no damage.
The black bear closely misses you.
The black bear rages.
Your hound bites the black bear but does no damage.
The black bear bites you! The black bear closely misses you.
The black bear claws you.
You hear an angry hiss.
Your hound bites the black bear.
The black bear bites your hound!
The black bear barely misses your hound.
The black bear claws your hound but does no damage.
Your hound bites the black bear.
The black bear bites your hound!
Your hound dies!
Your hound's corpse disappears in a puff of smoke!
The black bear rages.
Casting: Call Canine Familiar (dangerous; 2% risk of failure)
Confirm with . or Enter, or press ? or * to list all spells.
A shadowy apparition takes form in the air.
The black bear barely misses you. The black bear closely misses you.
The black bear claws you.
* * * LOW HITPOINT WARNING * * *
The black bear rages.
Your shadow imp barely misses the black bear.
You hit the black bear but do no damage.
The black bear is almost dead.
The black bear barely misses you. The black bear closely misses you.
The black bear claws you.
* * * LOW HITPOINT WARNING * * *
The black bear bites you.
* * * LOW HITPOINT WARNING * * *
The black bear claws you.
* * * LOW HITPOINT WARNING * * *
The black bear claws you.
* * * LOW HITPOINT WARNING * * *
Your shadow imp barely misses the black bear.
An adder comes into view.
The black bear bites you.
You die...
Your body rises from the dead as a mindless zombie.

#.....########.........#.#
####### ##5##.#####.#
#.##.#####.# #.....)....#
#..#####.### ##### #..#
#.# #######...###..#####.#
#...##.....##.........
#...5.h@...........#.#
#..S##.....#..).####.#
##.####...#.....# #.# #.#
######....... #.# ##.#####
#!# #.# ... #.# .#. #+# #
#


You could see a black bear (berserk, ally target), an adder and a friendly
shadow imp (summoned).

Vanquished Creatures
  A crimson imp (D:5)
  A centaur zombie (D:5)
  A hound (D:4)
  A jelly (D:6)
  A killer bee zombie (D:5)
  A hound skeleton (D:4)
  An adder (D:3)
  An ufetubus (D:4)
  A dart slug (D:1)
  2 orcs (D:5)
  3 endoplasms
  A giant cockroach (D:1)
  A goblin (D:1)
  3 hobgoblins
  2 jackals (D:1)
  3 ball pythons (D:2)
  3 bats
  2 kobolds
  5 rats
34 creatures vanquished.

Vanquished Creatures (collateral kills)
  4 yaks (D:5)
  2 black bears
  3 ogres
  A necrophage (D:6)
  A scorpion (D:5)
  A wyvern zombie (D:6)
  A wyvern skeleton (D:6)
  A centaur zombie (D:5)
  A hound (D:5)
  3 iguanas
  2 scorpion zombies (D:5)
  A hound zombie (D:5)
  A hound skeleton (D:4)
  6 adders
  A white imp (D:4)
  An adder skeleton (D:4)
  2 worms
  2 dart slugs
  3 orcs
  3 ball pythons
  4 bats
  5 endoplasms
  3 giant cockroaches
  5 goblins
  6 hobgoblins
  4 kobolds
  4 quokkas
  A frilled lizard (D:1)
  A rat (D:1)
73 creatures vanquished.

Vanquished Creatures (others)
  A plant (D:2)
1 creature vanquished.

Grand Total: 108 creatures vanquished

Notes
Turn   | Place    | Note
-------+----------+-------------------------------------------
     0 | D:1      | bilbop the Deep Elf Summoner began the quest for the Orb.
     0 | D:1      | Reached XP level 1. HP: 10/10 MP: 6/6
    61 | D:1      | Found Jurchoocu's Assorted Antiques.
   270 | D:1      | Reached XP level 2. HP: 1/16 MP: 5/8
   583 | D:1      | Found a faded altar of an unknown god.
  1356 | D:2      | Reached XP level 3. HP: 20/20 MP: 9/9
  1363 | D:2      | Learned a level 2 spell: Call Imp
  1367 | D:2      | Learned a level 3 spell: Call Canine Familiar
  1835 | D:2      | Reached skill level 1 in Fighting
  2165 | D:2      | Found Reinlok's Distillery.
  2786 | D:3      | Reached XP level 4. HP: 19/25 MP: 8/11
  3198 | D:3      | Found Boumukh's Magic Scroll Shoppe.
  3207 | D:3      | Bought a scroll of identify for 28 gold pieces
  3618 | D:4      | Noticed a black bear
  3653 | D:4      | Found Matower's Jewellery Shop.
  3730 | D:4      | Noticed an ogre
  3737 | D:4      | Killed an ogre
  3738 | D:4      | Reached skill level 5 in Summonings
  3738 | D:4      | Reached XP level 5. HP: 29/29 MP: 5/13
  3741 | D:4      | Found Ucuunud's Magic Scroll Shoppe.
  4004 | D:4      | Found a staircase to the Ecumenical Temple.
  4038 | Temple   | Entered the Ecumenical Temple
  4215 | D:4      | Found Luokuesse's Armour Boutique.
  4242 | D:4      | Found Megrag's Antique Armour Shop.
  4298 | D:4      | Killed a black bear
  4299 | D:4      | Reached skill level 1 in Short Blades
  4521 | D:4      | Reached XP level 6. HP: 35/35 MP: 10/14
  4668 | D:4      | Found Iwainot's Antique Armour Boutique.
  4705 | D:4      | Bought a creamy pearl robe for 153 gold pieces
  4705 | D:4      | Identified the +1 robe of Kuetzumi {rElec Dex-4 SInv
                  | Stlth+} (You bought it in a shop on level 4 of the Dungeon)
  4795 | D:5      | Entered Level 5 of the Dungeon
  4826 | D:5      | Noticed a yak
  4826 | D:5      | Noticed a yak
  4826 | D:5      | Noticed a yak
  5119 | D:5      | Noticed a yak
  5131 | D:5      | Killed a yak
  5132 | D:5      | Reached skill level 5 in Spellcasting
  5132 | D:5      | Reached XP level 7. HP: 38/40 MP: 5/16
  5422 | D:4      | Found Luokuesse's Armour Boutique.
  5439 | D:4      | Found Megrag's Antique Armour Shop.
  5458 | D:4      | Found Iwainot's Antique Armour Boutique.
  5584 | D:4      | Found a staircase to the Ecumenical Temple.
  5657 | D:5      | Killed a yak
  5682 | D:5      | Killed a yak
  5684 | D:5      | Reached skill level 5 in Stealth
  6043 | D:5      | Killed a yak
  6153 | D:5      | Reached skill level 6 in Summonings
  6221 | D:5      | Found a basalt altar of Yredelemnul.
  6229 | D:5      | Reached skill level 5 in Dodging
  6242 | D:5      | Became a worshipper of Yredelemnul the Dark
  6966 | D:6      | Reached XP level 8. HP: 45/45 MP: 11/18
  7213 | D:6      | HP: 2/46 [black bear (2)]
  7215 | D:6      | Slain by a black bear

Illustrated notes

Levels and vault maps discovered:
D:1:      nzn_arrival_settlement, layout_loops_ring,
          ebering_ecumenical_altar_ruins, serial_shops, shop,
          minmay_misc_feat_room
D:2:      layout_loops_ring, serial_shops, nicolae_shop_trees,
          serial_bayou_lake_a
D:3:      layout_loops_ring, serial_shops, shop
D:4:      layout_rooms, minmay_temple_entry_offerings, serial_shops,
          nicolae_shop_window_shopping, shop, nicolae_stop_n_shop_1,
          nicolae_square_shop, shop, minmay_crystal_water
D:5:      layout_rooms, nicolae_yredelemnul_corpse_copse, minmay_fire_ice_demons
D:6:      layout_loops_corners, kennysheep_orc_sif_temple, dk_rats_in_the_wall
Temple:   nicolae_temple_figure_zero

Skill      XL: |  1  2  3  4  5  6  7  8 |
---------------+-------------------------+-----
Stealth        | 3 4 5 |  5.5
Dodging        | 3 4 5 |  5.1
Fighting       | 1 2 3 |  3.0
Spellcasting   | 4 5 |  5.9
Summonings     | 5 6 |  6.1
Short Blades   | 1 2 3 |  3.0
Invocations    | |  0.5

Action                   |  1- 3 |  4- 6 |  7- 9 || total
-------------------------+-------+-------+-------++-------
Melee: Dagger            |    65 |    51 |    41 ||   157
 Cast: Summon Small Mamm |    34 |    18 |     4 ||    56
       Call Imp          |     6 |    41 |    35 ||    82
       Call Canine Famil |     1 |     3 |    11 ||    15
  Use: Potion            |     1 |       |       ||     1
       Scroll            |       |     4 |     5 ||     9
 Stab: Sleeping          |    17 |     7 |     4 ||    28
       Distracted        |       |     2 |     1 ||     3
Armor: Robe              |    10 |    14 |    16 ||    40
Dodge: Dodged            |    50 |    44 |    50 ||   144

Table legend: (Time is in decaauts)
 A = Elapsed time spent in this place.
 B = Non-inter-level travel time spent in this place.
 C = Inter-level travel time spent in this place.
 D = Time resting spent in this place.
 E = Time spent auto-exploring this place.
 F = Levels seen in this place.
 G = Mean time per level.
                   A        B        C        D        E       F      G
               +--------+--------+--------+--------+--------+-----+--------+
         Total |   7248 |   6620 |    628 |   1092 |   4298 |   7 | 1035.4 |
       Dungeon |   7096 |   6477 |    619 |   1092 |   4156 |   6 | 1182.7 |
        Temple |    152 |    143 |      9 |      0 |    142 |   1 |  152.0 |
               +--------+--------+--------+--------+--------+-----+--------+

Top non-repeatable levels by time:
     D:4: 1649 daAuts
     D:2: 1324 daAuts
     D:1: 1190 daAuts
     D:3: 1172 daAuts
     D:5: 1112 daAuts
     D:6: 647 daAuts
  Temple: 152 daAuts
